 Dungeon Crawl Stone Soup version 0.28-a0-1159-g27aa881441 (webtiles) character file.

Game seed: 16832584575834861045

28 Essalna the Firebug (level 3, 24/24 HPs)
             Began as a Demonspawn Fire Elementalist on Dec 15, 2021.
             Got out of the dungeon alive.
             The game lasted 00:01:03 (1207 turns).

Essalna the Firebug (Demonspawn Fire Elementalist)  Turns: 1207, Time: 00:01:04

Health: 24/24      AC:  4    Str:  8    XL:     3   Next: 0%
Magic:  6/6        EV: 12    Int: 18    God:
Gold:   31         SH:  0    Dex: 13    Spells: 6/7 levels left

rFire   . . .      SeeInvis .   d - +0 short sword
rCold   . . .      Faith    .   (no shield)
rNeg    . . .      Spirit   .   a - +0 robe
rPois   .          Reflect  .   (no helmet)
rElec   .          Harm     .   (no cloak)
rCorr   .          Rampage  .   (no gloves)
Will    .....                   (no boots)
Stlth   ++........              (no amulet)
HPRegen 0.08/turn               (no ring)
MPRegen 0.10/turn               (no ring)

@: no status effects
A: hooves 1, yellow scales 1
a: no special abilities


You escaped.
You visited 1 branch of the dungeon, and saw 1 of its levels.

You collected 31 gold pieces.

Inventory:

Hand Weapons
 d - a +0 short sword (weapon)
Armour
 a - a +0 robe (worn)
Scrolls
 b - a scroll of fog {unknown}
 c - a scroll of holy word {unknown}
 e - a scroll of identify {unknown}
 g - a scroll of amnesia {unknown}
 h - a scroll of acquirement {unknown}
Potions
 f - a potion of magic {unknown}


   Skills:
 - Level 1.7 Dodging
 - Level 1.7 Stealth
 + Level 2.5 Spellcasting
 + Level 1.8 Conjurations
 + Level 3.1 Fire Magic


You had 6 spell levels left.
You knew the following spells:

 Your Spells              Type           Power      Damage    Failure   Level
a - Foxfire               Conj/Fire      44%        2x1d6     6%          1

Your spell library contained the following spells:

 Spells                   Type           Power      Damage    Failure   Level
 Scorch                   Fire           26%        2d6       8%          2
 Conjure Flame            Conj/Fire      11%        6-21      19%         3
 Inner Flame              Hex/Fire       7%         N/A       26%         3
 Flame Wave               Conj/Fire      11%        2d5       52%         4


Dungeon Overview and Level Annotations

Branches:
Dungeon (1/15)

Altars:


Innate Abilities, Weirdness & Mutations

You have large cloven feet.
You are partially covered in yellow scales. (AC +2)


Message History

The foxfire hits the endoplasm.
The endoplasm is almost dead.
The endoplasm hits you but does no damage.
You conjure some foxfire!
The foxfire hits the endoplasm.
You kill the endoplasm!
You conjure some foxfire!
The foxfire hits the goblin.
You kill the goblin!
No target in view!
Your foxfire dissipates! x2
Your foxfire dissipates! x2
Key pressed, stopping explore.
No target in view!
Key pressed, stopping explore.
You open the door.
There is an open door here.
A quokka comes into view.
A quokka is nearby!
You conjure some foxfire!
You conjure some foxfire!
The foxfire hits the quokka.
The quokka is moderately wounded.
You miss the quokka.
The quokka is moderately wounded.
The foxfire hits the quokka.
You kill the quokka!
You have reached level 3!
Your experience leads to an increase in your attributes!
Increase (S)trength, (I)ntelligence, or (D)exterity?
You feel clever. x2; Your demonic ancestry asserts itself...
Your feet thicken and deform.
Found a short sword.
You see here a +0 short sword.
Key pressed, stopping explore.
Found a stone staircase leading down.
There is an open door here.
There is a staircase leading out of the dungeon here.
Are you sure you want to leave the Dungeon?
This will make you lose the game!
Alright, then stay!
Unknown command.
Are you sure you want to leave the Dungeon?
This will make you lose the game!
You have escaped!

........#...............#.......#
....#...#.#############.#.####...
....#...#.#...........#.#........
....###...#.####.####.#.#.#####..
....#####.#.#.......#.#...# ..
......# #.#.#.#####.#.#.### #.
......# #.#.#.#...#.#.#.#..
##....# #.#.#.#...#.#.#.#.#
.#....# #.'.#.#.@...#.'.#.#
.#....# #.#.#.#...#.#.#.#.####
.#....###.#.#.#...#.#.#.#....# .
.#......#.#.#.#####.#.#.#....###.
......#...#.#.......#.#.#.......#
......###.#.####.####.#..........
..#######.#...........#.#........
..##...##.#############.####.....
..##...##...............####.....


There were no monsters in sight!

Vanquished Creatures
  A dart slug (D:1)
  2 bats (D:1)
  4 endoplasms (D:1)
  A goblin (D:1)
  3 hobgoblins (D:1)
  3 quokkas (D:1)
  6 ball pythons (D:1)
  A frilled lizard (D:1)
  A kobold (D:1)
  A rat (D:1)
23 creatures vanquished.

Vanquished Creatures (others)
  86 foxfires (D:1)
86 creatures vanquished.

Grand Total: 109 creatures vanquished

Notes
Turn   | Place    | Note
-------+----------+-------------------------------------------
     0 | D:1      | Essalna the Demonspawn Fire Elementalist began the quest
                  | for the Orb.
     0 | D:1      | Reached XP level 1. HP: 13/13 MP: 3/3
   437 | D:1      | Gained mutation: You are partially covered in yellow
                  | scales. (AC +2) [demonic ancestry]
   437 | D:1      | Reached XP level 2. HP: 18/19 MP: 0/5
   674 | D:1      | Reached skill level 3 in Fire Magic
  1019 | D:1      | Gained mutation: You have large cloven feet. [demonic
                  | ancestry]
  1019 | D:1      | Reached XP level 3. HP: 24/24 MP: 3/6
  1207 | D:$      | Got out of the dungeon alive.

Illustrated notes

Levels and vault maps discovered:
D:1:      matt_arrival_refuge, layout_basic, minmay_unequal

Skill      XL: |  1  2 |
---------------+-------+-----
Fire Magic     | 3 |  3.1
Dodging        | |  1.7
Stealth        | |  1.7
Spellcasting   | |  2.5
Conjurations   | |  1.8

Action                   || total
-------------------------++-------
Melee: Short sword       ||    11
 Cast: Foxfire           ||    53
 Stab: Sleeping          ||     1
Armor: Robe              ||     5
Dodge: Dodged            ||     9

Table legend: (Time is in decaauts)
 A = Elapsed time spent in this place.
 B = Non-inter-level travel time spent in this place.
 C = Inter-level travel time spent in this place.
 D = Time resting spent in this place.
 E = Time spent auto-exploring this place.
 F = Levels seen in this place.
 G = Mean time per level.
                   A        B        C        D        E       F      G
               +--------+--------+--------+--------+--------+-----+--------+
         Total |   1207 |   1109 |     98 |      0 |    990 |   1 | 1207.0 |
       Dungeon |   1207 |   1109 |     98 |      0 |    990 |   1 | 1207.0 |
               +--------+--------+--------+--------+--------+-----+--------+

Top non-repeatable levels by time:
     D:1: 1207 daAuts
